[Event "MCC Labor Day Schev 2024"]
[Site "New York"]
[Date "2024.09.01"]
[Round "6.7"]
[White "Mottola, Max"]
[Black "Nasta, Kiren Vivek"]
[Result "0-1"]
[ECO "C26"]
[WhiteElo "2103"]
[BlackElo "2148"]
[Annotator "TA"]
[PlyCount "128"]
[EventDate "2024.08.28"]
[EventType "schev"]
[EventCountry "USA"]
[SourceTitle "playchess.com"]
[Source "ChessBase"]
[SourceQuality "1"]
[TimeControl "5400+30"]

1. e4 e5 2. Nc3 Nf6 3. d4 exd4 4. Qxd4 Nc6 5. Qd3 Bb4 (5... Bc5 $142) 6. Bd2 O-O 7. O-O-O Re8 8. Nge2 {[%emt 0:00:30] The position is equal.} d6 9. Bg5 Be6 10. f4 h6 11. Bh4 {[%emt 0:02:25] Black must now prevent Nd5.} g5 12. Be1 Bg4 13. fxg5 hxg5 14. Qg3 (14. Qe3 $16 Re5 15. h3) 14... Ne5 15. h4 (15. h3 $14 Bxc3 16. Qxc3 Nxe4 17. Qb4 Bxe2 18. Bxe2) 15... Nh5 $36 {[%emt 0:04:16][%mdl 2048] White is under pressure.} 16. Qe3 Bc5 17. Qxg5+ Qxg5+ 18. hxg5 c6 {[%emt 0:04:39] Inhibits Nd5.} 19. Na4 (19. b3 $11) 19... Be3+ $17 20. Kb1 Bxg5 21. Bh4 (21. b3 $17) 21... Be3 ({Better is} 21... Bxh4 $19 22. Rxh4 Nf6) 22. b3 b5 23. Nb2 Re6 {[%emt 0:03:18] Black has more active pieces.} 24. Nd3 {[%emt 0:03:18] [#]} (24. a4 $15) 24... Ng6 $1 25. Nf2 Bxf2 26. Bxf2 Rxe4 (26... Nf6 $1 $17 27. Rc1 Bxe2 (27... Nxe4 28. Be1 $17) (27... Rxe4 28. Ng3 $11) 28. Bxe2 Nxe4 (28... Rxe4 29. Bf3 $16)) 27. Rd4 d5 28. Nc3 (28. Kb2 $15 {deserves consideration.}) 28... Rxd4 29. Bxd4 Ng3 30. Rg1 b4 31. Na4 Re8 (31... Be2 $17 32. Bxe2 Nxe2) 32. Ba6 $11 Be2 33. Re1 Re4 34. Bf2 Bxa6 35. Bxg3 Rg4 36. Bd6 Rxg2 37. Bxb4 Be2 38. Nc5 {[%emt 0:01:13] [#]} (38. Bc5 $11) 38... f5 $1 $17 {[%emt 0:00:52] Black keeps a firm grip on the game.} 39. Ne6 f4 40. Nd4 (40. Bc5 $17) 40... f3 $19 41. Nxe2 (41. Rc1 $142) 41... fxe2 {[%emt 0:00:05][%mdl 4096] Endgame. KRB-KRN} ({Not} 41... Rxe2 42. Rxe2 fxe2 43. Kc1 $11) 42. Rh1 Rf2 {[%emt 0:00:36] Strongly threatening ...Rf1+.} 43. Rh6 Kg7 44. Rh3 Rf1+ 45. Kb2 e1=Q 46. Bxe1 Rxe1 {[%emt 0:00:03] KRN-KR} 47. Rc3 Re6 48. Rc5 Kf6 49. b4 Ne5 {[%emt 0:01:20] ...Nc4+ would now be deadly.} 50. b5 Nd7 51. Rxc6 Rxc6 {[%emt 0:00:04] Black mates.} 52. bxc6 {[%emt 0:00:04] KN-K3P} Nb6 53. Kc3 Ke6 54. Kb4 Kd6 55. Kb5 Nc8 56. c7 Kxc7 {[%emt 0:00:06] KN-KPP} 57. Kc5 Ne7 58. Kb5 Kd6 59. Ka6 Kc5 60. Kxa7 Nc6+ 61. Kb7 Nb4 62. a4 Nxc2 63. a5 Nb4 64. a6 {[%emt 0:00:04] [#]} Nxa6 $1 {[%emt 0:00:04] Weighted Error Value: White=0.34/Black=0.14 (very precise) .  Mistake:       	White=9     	Black=3      Inaccurate:     	White=4     	Black=3      OK:         	White=19    	Black=20     Best:        	White=2     	Black=4      Strong:       	---       	Black=2} 0-1

[Event "MCC Labor Day Schev 2024"]
[Site "New York"]
[Date "2024.09.01"]
[Round "6.8"]
[White "Martin Del Campo Cardenas, Roberto Abel"]
[Black "Sloan, Jed"]
[Result "1-0"]
[ECO "B15"]
[WhiteElo "2216"]
[BlackElo "2039"]
[Annotator "TA"]
[PlyCount "79"]
[EventDate "2024.08.28"]
[EventType "schev"]
[EventCountry "USA"]
[SourceTitle "playchess.com"]
[Source "ChessBase"]
[SourceQuality "1"]
[TimeControl "5400+30"]

1. e4 c6 2. d4 d5 3. Nd2 dxe4 4. Nxe4 Nf6 5. Nxf6+ exf6 6. c3 Bd6 7. Bd3 O-O 8. Qc2 {[%emt 0:00:25] Active counter play!} Re8+ 9. Ne2 h5 10. O-O h4 {[%emt 0:01:14] White is slightly better.} 11. h3 Nd7 12. f4 g6 (12... c5 $11 {remains equal.}) 13. Bxg6 $1 $16 (13. f5 $6 g5 $11) 13... fxg6 (13... Nf8 $16 {was worth a try.} 14. Bd3 f5) 14. Qxg6+ $18 Kh8 15. Qh6+ $2 ({White has to play} 15. Qh5+ $1 $18 Kg8 16. Qg4+ Kf7 17. f5) 15... Kg8 $14 {[%emt 0:00:09] Strongly threatening ...Nf8.} 16. f5 $1 {[%emt 0:00:13] Threatens to win with Qg6+.} Re4 (16... Rxe2 $2 17. Qg6+ Kh8 (17... Kf8 $2 18. Bh6+ Ke7 19. Rae1 $18) 18. Qh5+ Kg8 19. Qg4+ (19. Qxe2 Qe7 $18) 19... Kh8 20. Qxh4+ (20. Qxe2 Qe7 $18) 20... Kg8 21. Qg4+ Kh8 22. Qxe2 $18) (16... Re7 $11) 17. Bf4 $16 Nf8 (17... Qf8 $2 18. Qxh4 Nb6 19. Rae1 $18) 18. Qxh4 Bxf4 (18... Rxe2 $2 19. Qg4+ Kh8 20. Qxe2 $18) (18... Nh7 $16) 19. Qg4+ $18 (19. Rxf4 Rxf4 20. Qxf4 Qe7 $11) 19... Kh8 20. Nxf4 (20. Rxf4 Re7 $14) 20... Qe7 21. Qh4+ Kg8 22. Rf3 $1 {[%emt 0:03:34][%mdl 1024] White wants to mate with Rg3+. White has strong compensation.} Nh7 {[%emt 0:01:02] [#]} (22... Bxf5 $2 23. Rg3+ $18) 23. Rg3+ $1 Ng5 {[%emt 0:00:19] [#]} 24. Qg4 (24. Rf1 $1 $18 {And now Qh6 would win.} Bxf5 25. Qh6) 24... Qh7 $15 25. h4 $2 (25. Qh5 Qxh5 (25... Rxf4 $2 26. Qe8+ Kg7 27. Re1 $18) (25... Bxf5 26. Rf1 $11) 26. Nxh5 Kf7 $15 (26... Bxf5 $2 27. Nxf6+ Kf7 28. Nxe4 $18)) (25. Rf1 $1 $11 {and White is okay.} Bxf5 (25... Qxf5 $2 26. Qxf5 Bxf5 27. h4 $18) 26. Qh5) 25... Bxf5 $19 (25... Qxf5 $2 26. Qxf5 Bxf5 27. Rf1 $18 (27. hxg5 $2 {loses.} Rxf4 28. gxf6+ Kf7 $19)) 26. Qf3 Qxh4 27. Nh5 Kf7 $2 (27... Re7 $19 {[%cal Oa8f8] Hoping for ...Rf8!} 28. Qxf5 Qxh5 29. Qxf6 Rg7) 28. Qxf5 $16 Qxh5 29. Rf1 $36 {[%emt 0:01:55][%csl LRf6,LRg5][%cal Ba1f1,Bf1e1,Be1e7,Be7e8,Be8f8][%mdl 2080] Keeping Black busy. Some like it hot} Rh8 30. Qxf6+ (30. Rxg5 $2 Qh2+ 31. Kf2 Rf4+ 32. Ke1 Rxf5 $19) 30... Ke8 31. Qxg5 Qh2+ 32. Kf2 {[%emt 0:00:06] Qg6+ is the strong threat.} Rf8+ 33. Rf3 Ref4 $2 (33... Rxf3+ 34. Kxf3 Re7) 34. Re1+ $18 Kd7 35. Re7+ Kc8 {[%emt 0:00:13] [#]} 36. Qg4+ Kb8 37. Re8+ Kc7 $2 (37... Rxe8 38. Qxf4+ Qxf4 39. Rxf4 a5) 38. Qc8+ {[%emt 0:00:13] White is clearly winning.} (38. Rxf8 $2 {is the wrong capture.} Rxg4 39. Ke3 Qxg2 40. R8f7+ Kb6 $19) 38... Kb6 39. Qd8+ Ka6 40. Rxf8 {[%emt 0:00:06] Weighted Error Value: White=0.34/Black=0.62.  Loses game:     	White=1     	Black=1      Missed win:     	White=2     	Black=1      Mistake:       	---       	Black=6      Inaccurate:     	White=2     	Black=1      OK:         	White=10    	Black=7      Best:        	White=6     	Black=10     Strong:       	White=4     	---} 1-0

[Event "MCC Labor Day Schev 2024"]
[Site "New York"]
[Date "2024.09.01"]
[Round "6.9"]
[White "Hoffman, Luc"]
[Black "Khodzhamkuliev, Bahadur"]
[Result "1/2-1/2"]
[ECO "E90"]
[WhiteElo "2067"]
[BlackElo "2187"]
[Annotator "TA"]
[PlyCount "45"]
[EventDate "2024.08.28"]
[EventType "schev"]
[EventCountry "USA"]
[SourceTitle "playchess.com"]
[Source "ChessBase"]
[SourceQuality "1"]
[TimeControl "5400+30"]

1. e4 d6 2. d4 Nc6 3. d5 Nb8 4. c4 Nf6 5. Nc3 g6 6. h3 Bg7 7. Nf3 O-O 8. Bd3 c6 9. O-O a6 10. Be3 {White is better.} b5 11. cxb5 cxd5 (11... axb5 $14 12. dxc6 Ba6 (12... b4 13. Nd5 $11)) 12. exd5 $16 Bb7 13. Bd4 {White is more active.} axb5 14. Bxb5 Nbd7 15. Qb3 (15. a4 $142) 15... Nc5 16. Bxc5 dxc5 17. Rad1 Qa5 ({Black should try} 17... Qc7 $1 $14) 18. Ne5 (18. Rfe1 $142) 18... Rfb8 (18... Qb4 $16 {was worth a try.}) 19. Rfe1 (19. a4 $18) 19... Qb4 20. Bc4 (20. Bc6 $16) 20... Ne8 {[%emt 0:00:00] [#]} 21. d6 Qxb3 $11 22. Bxb3 Nxd6 {[%emt 0:00:00] [#]} 23. Nxf7 $1 {[%emt 0:00:30] Weighted Error Value: White=0.33/Black=0.25 (precise) .  Mistake:       	White=5     	Black=3      Inaccurate:     	---       	Black=1      OK:         	White=3     	Black=3      Best:        	---       	Black=2} 1/2-1/2

[Event "MCC Labor Day Schev 2024"]
[Site "New York"]
[Date "2024.09.01"]
[Round "7.1"]
[White "Sloan, Jed"]
[Black "Rohde, Michael"]
[Result "1/2-1/2"]
[ECO "B41"]
[WhiteElo "2039"]
[BlackElo "2280"]
[Annotator "TA"]
[PlyCount "30"]
[EventDate "2024.08.28"]
[EventType "schev"]
[EventCountry "USA"]
[SourceTitle "playchess.com"]
[Source "ChessBase"]
[SourceQuality "1"]
[TimeControl "5400+30"]

1. e4 c5 2. Nf3 e6 3. d4 cxd4 4. Nxd4 a6 5. c4 Nf6 6. Nc3 Qc7 7. a3 d6 8. Bd3 Be7 9. O-O O-O 10. f4 Nc6 11. Be3 Nxd4 12. Bxd4 e5 13. Be3 Ng4 14. Nd5 Nxe3 15. Nxc7 Nxd1 {[%emt 0:00:30] Weighted Error Value: White=0.12 (very precise) /Black=0.03 (flawless) .  OK:         	White=3     	Black=4      Best:        	---       	Black=1} 1/2-1/2

[Event "MCC Labor Day Schev 2024"]
[Site "New York"]
[Date "2024.09.02"]
[Round "7.2"]
[White "Podavonov, Alisher"]
[Black "Shangin, Lev"]
[Result "1-0"]
[ECO "E46"]
[WhiteElo "2140"]
[BlackElo "1974"]
[Annotator "TA"]
[PlyCount "107"]
[EventDate "2024.08.28"]
[EventType "schev"]
[EventCountry "USA"]
[SourceTitle "playchess.com"]
[Source "ChessBase"]
[SourceQuality "1"]
[TimeControl "5400+30"]

1. d4 Nf6 2. c4 e6 3. Nc3 Bb4 4. e3 O-O 5. Nge2 Re8 6. g3 d5 7. cxd5 Qxd5 8. Rg1 {[%emt 0:00:20] Black is slightly better.} e5 9. Bg2 (9. Bd2 $15 Qe6 10. Bg2) 9... Qd6 10. a3 Ba5 11. dxe5 Qxe5 12. Qd4 ({White should play} 12. b4 $15 Bb6 13. Bb2) 12... Qe7 13. Qa4 Bb6 14. Bd2 Nbd7 15. O-O-O Nc5 16. Qc2 c6 17. Be1 (17. Nd4 $15) 17... Bg4 $17 18. Rd2 Bh5 $2 (18... a5 $19 {...a4 would now be deadly.} 19. Kb1 g6) 19. Nf4 $11 Bg6 20. Nxg6 hxg6 21. Kb1 Qe6 22. Rd1 Rad8 $36 {[%emt 0:00:00][%mdl 2048] Black has the initiative.} 23. Bd2 (23. Rxd8 $11 Rxd8 24. Bf3) 23... Qf5 (23... Ng4 $15 24. Bh3 Qf5 25. Qxf5 gxf5 26. Bxg4 fxg4) 24. f3 (24. Rgf1 $11) 24... Qxc2+ (24... Nb3 $17 25. e4 Nxd2+ 26. Rxd2 Rxd2 27. Qxd2 Qh5) 25. Kxc2 Nd3 26. Bf1 {[%emt 0:01:24] [#]} (26. Na4 $1 $14) 26... Ne5 $1 $17 {[%emt 0:00:00][%cal Od8d2] White must now prevent ...Rxd2+! A dynamic duo of knights.} (26... Bxe3 $2 27. Bxe3 (27. Bxd3 Bxg1 28. Rxg1 Nd7 $16) 27... Rxe3 28. Bxd3 $16 (28. Rxd3 Rdxd3 29. Bxd3 Rxf3 $18)) 27. Be2 {[%emt 0:02:44] [#]} Ned7 $1 28. Kd3 Nf8+ 29. Kc2 Rd7 30. Rg2 Bxe3 31. Be1 Bb6 32. Rxd7 N8xd7 33. Na4 Nd5 {[%emt 0:00:00] Hoping for ...Ne3+.} 34. Bd2 Be3 35. Bb4 (35. Bc4 $142) 35... N7b6 36. Kb3 ({Better is} 36. Nxb6 axb6 (36... Nxb4+ 37. axb4 Bxb6 38. b5 $17) 37. Bc3) 36... Nxa4 37. Kxa4 b5+ 38. Kb3 c5 39. Ba5 (39. Bxb5 $2 Rb8 40. Be1 Rxb5+ $19) 39... c4+ 40. Ka2 Bd4 41. Bd2 a6 42. f4 Nb6 43. Bd1 Nd5 ({Black should try} 43... Nd7 $15 44. Re2 Rxe2 45. Bxe2 Nc5) 44. Bf3 Nb6 45. Bb7 Na4 46. Bxa6 Ra8 (46... Nxb2 $11 47. Bxb5 Rb8) 47. Bxb5 $14 {[%emt 0:00:50] And now Bb4 would win.} Rb8 48. Be3 $16 (48. Bxa4 $2 {loses.} Rxb2+ 49. Ka1 Rxd2+ 50. Kb1 Rxg2 $19) 48... Rxb5 (48... Bxe3 $16 {was called for.} 49. Bxa4 c3) 49. Bxd4 {[%emt 0:00:01] aiming for Rc2. KRB-KRN} Rd5 50. Rd2 Rb5 $2 (50... Rd8 51. Kb1 f6) 51. Rc2 $18 {[%emt 0:00:30] White is clearly winning.} Nc5 52. Bxc5 Rxc5 53. a4 Kf8 54. Ka3 {[%emt 0:00:01] White used his chance.   Weighted Error Value: White=0.23 (precise) /Black=0.33.  Missed win:     	---       	Black=1      Mistake:       	White=8     	Black=7      Inaccurate:     	White=5     	Black=5      OK:         	White=12    	Black=9      Best:        	White=4     	Black=2      Strong:       	---       	Black=2} 1-0

[Event "MCC Labor Day Schev 2024"]
[Site "New York"]
[Date "2024.09.02"]
[Round "7.3"]
[White "Patel, Maahir M"]
[Black "Sarkar, Justin"]
[Result "0-1"]
[ECO "C18"]
[WhiteElo "2005"]
[BlackElo "2276"]
[Annotator "TA"]
[PlyCount "70"]
[EventDate "2024.08.28"]
[EventType "schev"]
[EventCountry "USA"]
[SourceTitle "playchess.com"]
[Source "ChessBase"]
[SourceQuality "1"]
[TimeControl "5400+30"]

1. e4 e6 2. d4 d5 3. Nc3 Bb4 4. e5 c5 5. a3 Bxc3+ 6. bxc3 Ne7 7. Qg4 O-O 8. Bd3 f5 9. exf6 Rxf6 10. Bg5 Rf7 $1 (10... e5 11. Qh4 e4 12. Bxf6 $16) 11. Qg3 ({Much weaker is} 11. dxc5 e5 12. Qh4 e4 13. Bxe7 Rxe7 $15) ({White should try} 11. Qh5 $11 g6 12. Qd1) 11... Nbc6 $15 12. Nf3 c4 13. Be2 {[%emt 0:01:47] Black is slightly better.} Qa5 $1 14. Bd2 Nf5 15. Qh3 {[%emt 0:00:51] [#] Strongly threatening Ng5.} e5 $2 {[%emt 0:12:47] [#]} 16. g4 $1 $16 exd4 17. Ng5 ({Inferior is} 17. gxf5 Bxf5 18. Qg3 dxc3 $17) 17... Nh6 18. Nxf7 Nxf7 19. cxd4 Qb6 20. Qe3 (20. c3 $16) 20... Bd7 $1 $11 {[%emt 0:00:51][%cal Oa8e8] ...Re8! is the strong threat.} 21. c3 $1 Re8 22. Qf3 $1 {[%emt 0:00:57][%cal Oe1g1] aiming for 0-0!} Nxd4 23. cxd4 Qxd4 24. Bc3 Qd3 {[%emt 0:05:01] Really sharp!} 25. Kf1 Rxe2 $40 {[%emt 0:00:45][%mdl 128] Black has some attack.} 26. Qxe2 Qxc3 27. Kg2 Ng5 28. Qe3 Qf6 29. Rhd1 (29. Qxa7 $2 {is the wrong capture.} Qf3+ (29... Bxg4 $2 30. Qb8+ Kf7 31. h4 $19) 30. Kf1 Qxh1+ $19) 29... Bc6 30. Rd4 (30. Qxa7 $2 d4+ (30... Qf3+ $2 31. Kf1 $17) 31. Kf1 Ne6 $19) 30... Ne6 31. Rad1 Nxd4 32. Qxd4 (32. Rxd4 $15 b5 33. g5) 32... Qxd4 $19 {[%emt 0:00:46] Black is clearly winning.} 33. Rxd4 c3 {[%emt 0:00:47] ( -> ...c2)} 34. Rd1 d4+ 35. Kf1 {[%emt 0:00:09] [#]} d3 $1 {[%emt 0:00:34][%mdl 512] What a bad dream for White.   Weighted Error Value: White=0.34/Black=0.11 (very precise) .  Loses game:     	White=1     	---        Mistake:       	White=1     	Black=1      Inaccurate:     	White=1     	---        OK:         	White=10    	Black=11     Best:        	White=4     	Black=2      Strong:       	White=3     	Black=2} 0-1

[Event "MCC Labor Day Schev 2024"]
[Site "New York"]
[Date "2024.09.02"]
[Round "7.4"]
[White "Gaw, Chloe"]
[Black "Almeida Saenz, Alfonso"]
[Result "1/2-1/2"]
[ECO "D35"]
[WhiteElo "1981"]
[BlackElo "2202"]
[Annotator "TA"]
[PlyCount "95"]
[EventDate "2024.08.28"]
[EventType "schev"]
[EventCountry "USA"]
[SourceTitle "playchess.com"]
[Source "ChessBase"]
[SourceQuality "1"]
[TimeControl "5400+30"]

1. d4 d5 2. c4 e6 3. Nc3 Nf6 4. cxd5 exd5 5. Bg5 c6 6. e3 Be7 7. Bd3 h6 8. Bh4 O-O 9. Nge2 Ne4 {[%emt 0:00:51] [#] aiming for ...Nxc3.} 10. Bxe7 Qxe7 11. Bxe4 dxe4 12. Ng3 f5 13. O-O Be6 14. d5 cxd5 15. Nxd5 Qf7 16. Nc3 Nc6 17. Qh5 Qf6 18. Rfd1 Ne5 19. Nd5 Qf7 20. Qxf7+ Kxf7 21. Nc7 Rad8 22. Nb5 Nd3 23. Nd4 Kf6 ({But not} 23... Nxb2 $6 24. Rdb1 Nd3 25. Rxb7+ Rd7 26. Rxd7+ Bxd7 27. Rb1 $16 (27. Ndxf5 Kg6 $14)) (23... g6 $11) 24. Nh5+ $16 Ke5 25. Nxg7 Bc8 26. f4+ Kf6 27. Nh5+ {[%emt 0:00:10] A dynamic duo of knights.} Kg6 28. Ng3 Nxb2 29. Rdc1 Nd3 30. Rc4 Rf6 31. Nge2 Rb6 32. Nc1 (32. h3 {is interesting.} Rb2 33. Rc7 Kf6 34. a4) 32... Nb2 33. Rc2 (33. Rc7 $11) 33... Nd1 $17 34. Nce2 Nxe3 35. Rc5 Rbd6 36. h3 Nd5 ({And not} 36... Rxd4 37. Nxd4 Rxd4 38. Rxc8 $14) 37. Nb5 {[%emt 0:02:53][%csl LRa7,LRd6] [#]} Rc6 38. Rxc6+ bxc6 39. Nxa7 (39. Nbd4 $17) 39... Ba6 $2 (39... Bb7 $19 {Hoping for ...Ra8.} 40. Rb1 Rd7) 40. Nxc6 $11 Rd6 41. Ncd4 Bxe2 42. Nxe2 {[%emt 0:00:03][%mdl 4096] Endgame. Strongly threatening Rd1. KRN-KRN} Ra6 (42... Ne3 $11) 43. a4 $14 Ra5 44. Rd1 h5 45. Kf2 h4 {[%emt 0:00:00] The position is equal.} 46. Rd4 Rc5 47. Rd1 Ra5 48. Rd4 {[%emt 0:00:18] Weighted Error Value: White=0.18 (very precise) /Black=0.16 (very precise) .  Missed win:     	---       	Black=1      Mistake:       	White=2     	Black=2      Inaccurate:     	White=8     	Black=2      OK:         	White=13    	Black=19     Best:        	White=3     	Black=4} 1/2-1/2

[Event "MCC Labor Day Schev 2024"]
[Site "New York"]
[Date "2024.09.02"]
[Round "7.5"]
[White "Stern, Kevin B"]
[Black "Colas, Joshua"]
[Result "0-1"]
[ECO "A13"]
[WhiteElo "1920"]
[BlackElo "2224"]
[Annotator "TA"]
[PlyCount "102"]
[EventDate "2024.08.28"]
[EventType "schev"]
[EventCountry "USA"]
[SourceTitle "playchess.com"]
[Source "ChessBase"]
[SourceQuality "1"]
[TimeControl "5400+30"]

1. c4 e6 2. g3 d5 3. Bg2 Nf6 4. Nf3 dxc4 5. Qa4+ Nbd7 6. Qxc4 a6 7. Qc2 c5 8. O-O Rb8 (8... b5 $11) 9. d3 (9. d4 $14 {might be stronger.}) 9... Bd6 $11 10. a4 b6 {[%emt 0:01:40] The position is equal.} 11. Nc3 Bb7 12. Rd1 e5 13. b3 O-O 14. Bb2 Re8 15. Rac1 Qe7 16. Nd2 Bxg2 17. Kxg2 Qe6 18. Nde4 Bf8 19. e3 Rbc8 20. Rd2 h5 21. h3 Nh7 22. Ne2 f5 23. N4c3 h4 24. Nd1 (24. e4 $11 {keeps the balance.}) 24... b5 $36 {[%emt 0:00:57][%mdl 2048] Black is in control.} 25. axb5 axb5 26. Ndc3 hxg3 27. fxg3 Ndf6 {[%emt 0:00:02] Against e4} 28. Kh2 (28. e4 $17 {might work better.}) 28... Ng5 $19 29. Ng1 Qc6 {[%emt 0:04:24][%cal Of5f4] Strongly threatening ...f4!} 30. Rf1 Re6 {[%emt 0:00:34][%cal Of6g4] [#] ( -> ...Ng4+!)} 31. e4 (31. Rxf5 {leads to mate.} Ng4+ 32. hxg4 Rh6+) 31... b4 32. Nd5 fxe4 33. Nxf6+ Rxf6 34. Rxf6 (34. Qc4+ $17 Kh7 35. Rxf6 gxf6 36. Re2) 34... gxf6 35. Qc4+ (35. Re2 {was called for.}) 35... Kh8 36. dxe4 Qxe4 37. Qa6 Qc6 38. Qc4 {[%emt 0:00:47] [#]} Qe6 $1 39. Qd3 (39. Qf1 {is a better defense.}) 39... c4 40. bxc4 Qxc4 41. Qg6 Bg7 ({Better is} 41... Qf7 $19 42. Qf5 Qe6 43. Qxe6 Nxe6) 42. h4 Ne4 43. Rg2 Nc3 {[%emt 0:02:23] Active counter play!} 44. h5 $2 (44. Bxc3 $17 Qxc3 (44... bxc3 45. h5 $17) 45. Nh3) 44... Qe4 45. Qf7 Rf8 $2 (45... Nd5 $19 {Threatens to win with ...Ne3.} 46. Qb7 Rc7 47. Qa8+ Kh7) 46. Qb3 $1 $15 Rc8 $2 ({Don't go for} 46... Nd5 $2 47. Re2 Qg4 48. Qxd5 $18) (46... Nb5 $17 47. Nf3 Rd8) 47. Qf7 $1 $19 Qf5 $2 (47... Nd5 $19 {has better winning chances. aiming for ...Ne3.} 48. Qe6 Rc7) 48. Kh1 $2 (48. Nh3 $17) 48... Ne4 {[%emt 0:00:32] ...Nf2+ is the strong threat.} 49. g4 Nf2+ {[%emt 0:00:22] Black mates.} 50. Rxf2 Qxf2 51. Qg6 Qc2 {[%emt 0:00:30] Weighted Error Value: White=0.42/Black=0.40.  Loses game:     	White=2     	---        Missed win:     	---       	Black=2      Mistake:       	White=6     	Black=2      Inaccurate:     	White=3     	Black=6      OK:         	White=12    	Black=13     Best:        	White=1     	Black=3      Strong:       	White=2     	Black=1} 0-1

[Event "MCC Labor Day Schev 2024"]
[Site "New York"]
[Date "2024.09.02"]
[Round "7.6"]
[White "Zhao, Alex"]
[Black "Martin Del Campo Cardenas, Roberto Abel"]
[Result "1/2-1/2"]
[ECO "A26"]
[WhiteElo "2043"]
[BlackElo "2216"]
[Annotator "TA"]
[PlyCount "49"]
[EventDate "2024.08.28"]
[EventType "schev"]
[EventCountry "USA"]
[SourceTitle "playchess.com"]
[Source "ChessBase"]
[SourceQuality "1"]
[TimeControl "5400+30"]

1. Nf3 Nf6 2. g3 g6 3. Bg2 Bg7 4. O-O O-O 5. c4 d6 6. Nc3 Nc6 7. d3 e5 8. Rb1 a5 9. a3 Nd4 10. b4 axb4 11. axb4 c6 12. b5 Bg4 13. Nxd4 exd4 14. bxc6 bxc6 (14... dxc3 {seems wilder.} 15. cxb7 Rb8 16. Be3 Re8) 15. Ne4 {[%emt 0:02:19] The position is equal.} Nxe4 16. Bxe4 d5 17. cxd5 cxd5 18. Bg2 Re8 19. Re1 Qd7 20. Bf4 h6 21. h4 Ra2 22. Qb3 Raxe2 23. Rxe2 Rxe2 24. Bxd5 Be6 25. Bxe6 {[%emt 0:03:40] An uneventful encounter.   Weighted Error Value: White=0.04 (flawless) /Black=0.11 (very precise) .  Mistake:       	White=1     	---        Inaccurate:     	---       	Black=2      OK:         	White=6     	Black=4} (25. Qd1 $14) 1/2-1/2

[Event "MCC Labor Day Schev 2024"]
[Site "New York"]
[Date "2024.09.02"]
[Round "7.7"]
[White "Nasta, Kiren Vivek"]
[Black "Hoffman, Luc"]
[Result "1/2-1/2"]
[ECO "B33"]
[WhiteElo "2148"]
[BlackElo "2067"]
[Annotator "TA"]
[PlyCount "63"]
[EventDate "2024.08.28"]
[EventType "schev"]
[EventCountry "USA"]
[SourceTitle "playchess.com"]
[Source "ChessBase"]
[SourceQuality "1"]
[TimeControl "5400+30"]

1. e4 c5 2. Nf3 e6 3. d4 cxd4 4. Nxd4 Nf6 5. Nc3 Nc6 6. Ndb5 d6 7. Bf4 e5 8. Bg5 a6 9. Na3 b5 10. Nab1 Be7 11. Bxf6 Bxf6 12. a4 b4 13. Nd5 O-O 14. Bc4 Be6 15. O-O a5 16. Qd3 Ne7 17. Nxf6+ gxf6 18. Rd1 Rc8 19. Bxe6 (19. Qxd6 Qxd6 (19... Bxc4 $2 20. c3 $19) 20. Rxd6 Rxc4 $19 (20... Bxc4 $2 21. Nd2 $19)) 19... fxe6 20. c3 d5 (20... Qb6 $11 {remains equal.}) 21. cxb4 $16 axb4 22. a5 dxe4 23. Qg3+ Ng6 ({Better is} 23... Kh8 $1 $11 24. Nc3 (24. Rxd8 $2 Rc1+) 24... Nd5 25. Nxe4 Ra8) 24. Nc3 $14 (24. Rxd8 $2 Rc1+) 24... Qe7 25. Nxe4 {[%emt 0:00:37] White is more active.} f5 26. Nd6 (26. Nd2 $14) 26... Rc6 $11 27. Nb5 f4 (27... Rc5 $11 28. Nd6 Rc6) 28. Qf3 $2 (28. Qg4 $16 {and life is bright. Threatens to win with a6.} Qc5 29. h4 (29. Qe2 f3 $17) 29... Qxb5 30. h5) 28... Qc5 $17 29. Qd3 {[%emt 0:08:51] [#] Hoping for Qf1.} e4 $1 30. Qf1 {[%emt 0:01:30] [#]} e3 (30... f3 $1 $17 {...Nf4 would now be deadly.} 31. gxf3 Qh5 (31... Rxf3 $2 {is the wrong capture.} 32. Nd4 $18) (31... exf3 32. Kh1 $16)) 31. Nd4 $11 Rd6 32. Nb3 {[%emt 0:06:09] Weighted Error Value: White=0.26 (precise) /Black=0.31.  Mistake:       	White=2     	Black=4      Inaccurate:     	White=1     	---        OK:         	White=11    	Black=6      Best:        	White=2     	Black=3} 1/2-1/2